Map: Winter's Gate LE

Players

SKillous

  • Race: Protoss Protoss
  • League: Grandmaster
  • Spawn Location: 11:00

LiquidMaNa (MaNa) - Winner!

  • Race: Protoss Protoss
  • League: Grandmaster
  • Spawn Location: 5:00

Event: NationWars 2019

VOD

Have the link to the VOD?

Description

Time

  • Played on: Oct. 13, 2019, 2:24 p.m.
  • Length: 9:42

All games in this series

Show
View Real Time Build Order
Export as new Build Order

SKillous Protoss 

Build Orders:  

Get SALT Encoding   

  12  0:00  Probe  
  13  0:13  Probe  
  14  0:18  Pylon  
  14  0:25  Probe  
  15  0:36  Gateway  
  15  0:37  Probe (Chrono Boost)  
  16  0:46  Probe (Chrono Boost)  
  16  0:47  Assimilator  
  17  0:51  Probe (Chrono Boost)  
  17  0:55  Assimilator  
  18  1:03  Probe (Chrono Boost)  
  19  1:08  Gateway  
  19  1:13  Probe (Chrono Boost)  
  19  1:18  Probe  
  20  1:23  Cybernetics Core  
  21  1:30  Probe  
  22  1:35  Pylon  
  22  1:42  Probe  
  23  1:54  Probe  
  23  1:59  Stalker  
  23  2:00  Warp Gate, Sentry  
  28  2:10  Pylon  
  28  2:26  Sentry  
  30  2:30  Nexus  
  30  2:34  Probe  
  31  2:43  Sentry  
  33  2:46  Probe  
  34  2:58  Probe  
  34  3:02  Robotics Facility  
  34  3:03  Pylon  
  34  3:10  Probe (Chrono Boost)  
  37  3:22  Probe (Chrono Boost)  
  36  3:28  Probe (Chrono Boost)  
  37  3:36  Probe (Chrono Boost)  
  37  3:37  Forge  
  38  3:44  Probe (Chrono Boost)  
  38  3:47  Probe (Chrono Boost)  
  40  3:49  Adept x2  
  40  3:52  Probe (Chrono Boost), Observer  
  40  3:54  Probe (Chrono Boost)  
  47  3:57  Probe (Chrono Boost)  
  48  4:03  Probe  
  48  4:08  Protoss Ground Weapons Level 1  
  48  4:09  Probe  
  50  4:10  Warp Prism (Chrono Boost)  
  50  4:15  Probe  
  53  4:21  Probe  
  54  4:24  Pylon  
  54  4:27  Probe  
  55  4:33  Probe  
  54  4:39  Probe  
  54  4:40  Immortal (Chrono Boost)  
  54  4:43  Assimilator  
  58  4:45  Probe  
  58  4:46  Assimilator  
  58  4:51  Probe  
  59  4:54  Adept x2  
  59  4:57  Probe  
  59  4:59  Pylon  
  64  5:07  Twilight Council  
  64  5:11  Immortal  
  68  5:16  Shield Battery  
  68  5:36  Gateway  
  68  5:38  Gateway x2  
  68  5:41  Gateway  
  68  5:42  Stalker x2  
  72  5:44  Blink (Chrono Boost)  
  72  5:45  Pylon  
  72  5:52  Pylon  
  72  6:00  Pylon  
  72  6:08  Gateway  
  72  6:09  Gateway  
  72  6:16  Stalker x2  
  76  6:20  Protoss Ground Weapons Level 2 (Chrono Boost)  
  76  6:27  Pylon  
  76  6:35  Stalker x3  
  78  6:54  Warp Prism  
  78  6:57  Stalker x3  
  78  6:58  Stalker  
  78  6:59  Stalker  
  88  7:03  Stalker  
  88  7:07  Stalker  
  92  7:11  Stalker  
  94  7:20  Pylon  
  94  7:29  Stalker x3  
  99  7:46  Stalker x4  
  97  7:57  Stalker x3  
  101  8:03  Pylon  
  99  8:15  Stalker x3  
  99  8:16  Stalker  
  93  8:40  Stalker x4  
  93  8:41  Stalker  
  67  8:52  Stalker x2  
  61  9:00  Stalker  
  59  9:04  Stalker x2  
  59  9:08  Sentry x2  
  65  9:12  Sentry  
  65  9:19  Stalker, Sentry  
  65  9:23  Stalker  
  71  9:31  Stalker  
Show
View Real Time Build Order
Export as new Build Order

LiquidMaNa Protoss - Winner!

Build Orders: Phoenix Opening 

Get SALT Encoding   

  12  0:00  Probe  
  13  0:12  Probe  
  14  0:18  Pylon  
  14  0:24  Probe (Chrono Boost)  
  15  0:37  Probe (Chrono Boost)  
  15  0:38  Gateway  
  16  0:45  Probe (Chrono Boost), Assimilator  
  17  0:51  Probe  
  18  1:02  Assimilator  
  18  1:03  Probe (Chrono Boost)  
  19  1:09  Gateway  
  19  1:12  Probe (Chrono Boost)  
  19  1:17  Probe (Chrono Boost)  
  20  1:25  Cybernetics Core  
  21  1:29  Probe  
  22  1:35  Pylon  
  22  1:41  Probe  
  23  1:54  Probe  
  24  2:02  Stalker, Sentry  
  24  2:03  Warp Gate  
  24  2:06  Probe  
  29  2:11  Pylon  
  29  2:28  Stalker  
  31  2:31  Probe  
  31  2:32  Stalker  
  31  2:36  Phoenix  
  34  2:43  Probe  
  35  2:54  Nexus  
  35  3:00  Sentry  
  35  3:02  Sentry  
  39  3:06  Pylon  
  39  3:24  Probe (Chrono Boost)  
  40  3:33  Probe (Chrono Boost)  
  41  3:35  Forge  
  41  3:38  Probe (Chrono Boost), Twilight Council  
  42  3:43  Phoenix  
  42  3:50  Probe (Chrono Boost)  
  42  3:54  Stalker x2  
  47  4:00  Pylon  
  47  4:04  Pylon  
  47  4:05  Probe  
  47  4:07  Probe  
  47  4:09  Protoss Ground Weapons Level 1 (Chrono Boost)  
  49  4:18  Probe  
  49  4:19  Probe  
  51  4:25  Blink (Chrono Boost)  
  51  4:29  Phoenix  
  51  4:30  Probe  
  52  4:31  Probe  
  52  4:34  Stalker  
  54  4:42  Probe (Chrono Boost)  
  54  4:44  Probe (Chrono Boost)  
  54  4:49  Assimilator  
  54  4:51  Assimilator  
  55  4:53  Probe (Chrono Boost)  
  55  4:55  Probe (Chrono Boost)  
  55  4:58  Probe (Chrono Boost)  
  55  4:59  Probe (Chrono Boost)  
  57  5:00  Stalker  
  57  5:05  Gateway  
  60  5:13  Probe x2  
  62  5:24  Stalker x2  
  62  5:25  Probe x2  
  62  5:26  Phoenix  
  68  5:33  Pylon  
  68  5:34  Pylon  
  68  5:37  Probe x2  
  70  5:47  Stalker  
  70  5:48  Stalker  
  70  5:49  Probe x2  
  76  5:52  Pylon  
  76  5:59  Gateway  
  76  6:00  Gateway  
  76  6:01  Probe x2  
  78  6:11  Stalker x2  
  82  6:12  Stalker  
  82  6:13  Probe x2  
  82  6:15  Protoss Ground Weapons Level 2 (Chrono Boost)  
  86  6:27  Charge  
  86  6:29  Probe x2  
  88  6:35  Stalker x3  
  88  6:36  Phoenix  
  90  6:55  Stalker x2  
  90  6:58  Robotics Facility  
  90  6:59  Stalker x3  
  90  7:00  Phoenix  
  100  7:09  Pylon  
  100  7:12  Pylon  
  100  7:21  Stalker  
  102  7:36  Stalker x4  
  104  7:47  Immortal (Chrono Boost)  
  100  7:55  Stalker  
  96  7:59  Gateway  
  96  8:00  Stalker x4  
  96  8:05  Shield Battery  
  104  8:07  Shield Battery  
  104  8:17  Immortal  
  104  8:30  Stalker x4  
  106  8:36  Probe  
  99  8:46  Stalker  
  83  9:00  Stalker x5, Warp Prism (Chrono Boost)  
  91  9:22  Nexus  
  91  9:29  Zealot x3  
Tags
 
Add a new tag
Caveats
  • Supply blocks, unpowered buildings, or Contaminate may cause inaccurate times.
  • Supply counts are checked every 10 seconds.